AoeStats
← Looney^

Fortress

507995280Analyzed
4v4 RM · 13d ago on Sep 20, 2026· 47m 1s· 8 players
Game mode
Random Map
Map size
Huge
Population
200
Speed
Normal
Resources
Standard
Victory
Conquest
Starting age
Dark Age
Ending age
Imperial Age
RankedLock teamsTeams togetherTeam positionsShared explorationLock speedFull tech treeHidden civsTurbo modeCheats
Victory
Defeat
🇮🇳 Persians · India
951
+14
🇵🇪 Huns · Peru
944
+15
🇮🇳 Khmer · India
851
+18
🇩🇪 Magyars · Germany
810
+20
🇹🇷 Britons · Türkiye
1067
-71
🇹🇷 Hindustanis · Türkiye
907
-44
🇫🇷 Georgians · France
885
-16
🇹🇷 Franks · Türkiye
779
-12
alabataille
6:51 Feudal Age
8:39 Double-Bit Axe
13:38 Castle Age
16:12 Bow Saw
15:54 Horse Collar
17:20 Wheelbarrow
17:09 Caravan
18:48 Heavy Plow
19:51 Hand Cart
20:15 Bloodlines
21:27 Scale Barding Armor
23:44 Chain Barding Armor
24:22 Fletching
24:52 Svan Towers
25:04 Forging
25:30 Guard Tower
28:49 Imperial Age
26:28 Bodkin Arrow
27:45 Iron Casting
27:39 Masonry
27:50 Ballistics
28:39 Husbandry
30:05 Plate Barding Armor
30:31 Blast Furnace
31:28 Elite Monaspa
33:09 Conscription
38:40 Siege Engineers
39:36 Chemistry
39:12 Keep
39:07 Architecture
38:33 Loom
38:43 Onager
39:59 Siege Onager
Vampiro
3:36 Loom
9:32 Feudal Age
10:53 Double-Bit Axe
16:50 Castle Age
14:58 Gold Mining
18:20 Bow Saw
20:06 Squires
19:53 Gambesons
28:41 Imperial Age
26:41 Husbandry
28:07 Scale Barding Armor
28:14 Forging
28:47 Wheelbarrow
28:57 Wheelbarrow
28:58 Cavalier
30:28 Caravan
31:05 Paladin
33:16 Gold Shaft Mining
34:00 Chivalry
34:33 Conscription
35:04 Chain Barding Armor
35:20 Iron Casting
34:48 Pikeman
36:22 Halberdier
39:45 Blast Furnace
39:21 Plate Barding Armor
38:46 Scale Mail Armor
43:33 Hand Cart
Looney^
11:04 Feudal Age
14:44 Castle Age
30:30 Imperial Age
30:06 Double-Bit Axe
30:03 Horse Collar
30:37 Forging
30:27 Scale Mail Armor
30:33 Scale Barding Armor
30:18 Fletching
30:28 Padded Archer Armor
33:03 Chemistry
32:24 Ballistics
34:08 Heavy Plow
34:24 Bow Saw
34:52 Iron Casting
34:32 Chain Mail Armor
34:37 Chain Barding Armor
34:17 Padded Archer Armor
35:18 Masonry
35:08 Bodkin Arrow
35:41 Conscription
35:46 Loom
36:37 Wheelbarrow
35:48 Town Watch
36:34 Shatagni
buura
5:33 Loom
12:58 Feudal Age
14:43 Wheelbarrow
13:54 Town Watch
13:56 Horse Collar
16:33 Arson
18:03 Gold Mining
18:03 Double-Bit Axe
24:32 Man-at-Arms
25:06 Stone Mining
25:44 Forging
25:34 Scale Mail Armor
25:39 Scale Barding Armor
25:24 Fletching
25:34 Padded Archer Armor
31:06 Castle Age
31:44 Long Swordsman
32:10 Gambesons
33:03 Iron Casting
32:24 Bodkin Arrow
32:45 Chain Mail Armor
32:45 Leather Archer Armor
32:50 Chain Barding Armor
33:10 Gold Shaft Mining
35:49 Town Patrol
36:36 Bow Saw
43:41 Imperial Age
44:14 Hand Cart
findsarfaraz
0:40 Loom
7:18 Feudal Age
7:59 Horse Collar
9:19 Double-Bit Axe
13:13 Castle Age
12:59 Stone Mining
13:05 Gold Mining
16:24 Heavy Plow
16:35 Bow Saw
22:55 Gold Shaft Mining
22:57 Wheelbarrow
27:42 Imperial Age
26:26 Ballistics
26:49 Padded Archer Armor
26:40 Fletching
27:01 Forging
26:57 Scale Barding Armor
26:55 Husbandry
27:07 Bloodlines
27:38 Hand Cart
28:54 Conscription
29:54 Iron Casting
29:20 Scale Mail Armor
29:36 Heavy Scorpion
30:20 Double Crossbow
31:23 Bodkin Arrow
31:45 Leather Archer Armor
31:33 Caravan
32:53 Chemistry
31:44 Heated Shot
31:54 Pikeman
33:37 Chain Mail Armor
34:23 Blast Furnace
32:44 Halberdier
35:41 Ring Archer Armor
36:57 Bracer
37:36 Capped Ram
38:36 Siege Ram
43:19 Light Cavalry
PAPA VIPER
0:39 Loom
7:01 Feudal Age
11:59 Castle Age
10:31 Double-Bit Axe
11:10 Horse Collar
13:00 Wheelbarrow
13:39 Bow Saw
18:53 Heavy Plow
21:33 Gold Mining
26:53 Imperial Age
25:44 Forging
25:39 Scale Barding Armor
26:52 Scale Barding Armor
27:22 Iron Casting
27:34 Husbandry
27:44 Bloodlines
27:47 Caravan
28:57 Iron Casting
28:46 Chain Barding Armor
29:02 Iron Casting
28:30 Cavalier
31:21 Plate Barding Armor
31:46 Blast Furnace
33:02 Two-Man Saw
33:07 Hand Cart
33:19 Murder Holes
33:45 Ballistics
33:17 Fletching
33:27 Padded Archer Armor
34:09 Savar
34:26 Crossbowman
35:11 Thumb Ring
35:13 Kamandaran
35:27 Town Watch
36:29 Crop Rotation
36:00 Bodkin Arrow
36:20 Leather Archer Armor
37:50 Leather Archer Armor
37:56 Thumb Ring
38:44 Hoardings
47:19 Conscription
Och Nö
9:48 Feudal Age
14:14 Castle Age
13:35 Double-Bit Axe
16:33 Corvinian Army
16:42 Scale Barding Armor
20:34 Chain Barding Armor
21:07 Wheelbarrow
23:29 Bow Saw
24:58 Caravan
25:26 Horse Collar
27:43 Heavy Plow
28:30 Gold Mining
28:31 Stone Mining
29:16 Coinage
28:55 Padded Archer Armor
28:46 Fletching
29:17 Chain Barding Armor
30:14 Hand Cart
35:32 Imperial Age
35:13 Thumb Ring
36:53 Conscription
37:20 Crop Rotation
36:28 Elite Magyar Huszar
38:45 Leather Archer Armor
38:26 Bodkin Arrow
41:18 Parthian Tactics
40:14 Heavy Cavalry Archer
41:41 Bracer
42:11 Ring Archer Armor
42:19 Plate Barding Armor
43:17 Chemistry
42:38 Ballistics
42:36 Recurve Bow
45:39 Capped Ram
CyberNinjaX
10:00 Feudal Age
14:45 Castle Age
12:45 Horse Collar
12:53 Double-Bit Axe
15:10 Wheelbarrow
16:08 Marauders
16:59 Loom
17:31 Hand Cart
22:52 Bow Saw
23:47 Scale Barding Armor
24:47 Bloodlines
26:14 Gold Mining
27:16 Forging
27:06 Town Watch
27:48 Heavy Plow
28:10 Caravan
29:43 Gold Shaft Mining
33:57 Imperial Age
32:32 Husbandry
33:32 Chain Barding Armor
33:48 Iron Casting
33:30 Pikeman
34:30 Elite Tarkan
35:45 Town Patrol
36:52 Plate Barding Armor
39:58 Blast Furnace
Connection lost

Rejoining the realm…

Still unreachable

The connection could not be restored.

Session expired

The server has moved on; the page needs a fresh start.